 Dungeon Crawl Stone Soup version 0.28-a0-863-g8cecda6153 (webtiles) character file.

Game seed: 7887069675568875306

311 kae the Insei (level 6, 0/47 HPs)
             Began as a Draconian Transmuter on Nov 18, 2021.
             Slain by an orc wizard (2 damage)
             ... on level 4 of the Dungeon.
             The game lasted 00:02:35 (4496 turns).

kae the Insei (Draconian Transmuter)                Turns: 4496, Time: 00:02:36

Health: 0/47       AC:  2    Str:  9 (12) XL:     6   Next: 18%
Magic:  7/9        EV: 19    Int: 12 (15) God:
Gold:   826        SH:  0    Dex: 15 (17) Spells: 1/9 levels left

rFire   . . .      SeeInvis .     - Unarmed
rCold   + . .      Faith    .   (shield currently unavailable)
rNeg    . . .      Spirit   .   (armour unavailable)
rPois   x          Reflect  .   (helmet currently unavailable)
rElec   .          Harm     .   (cloak currently unavailable)
rCorr   .          Rampage  .   (gloves currently unavailable)
Will    .....                   (boots currently unavailable)
Stlth   +.........              (no amulet)
HPRegen 0.15/turn               d - ring of protection from cold
MPRegen 0.11/turn               (no ring)

@: spider-form (expiring)
A: venomous fangs, AC +6, tiny, unfitting armour, (cold-blooded)
a: End Transformation


You were on level 4 of the Dungeon.
You were a venomous arachnid creature.
You visited 1 branch of the dungeon, and saw 4 of its levels.

You collected 826 gold pieces.

Inventory:

Jewellery
 d - a ring of protection from cold (left front leg)
Scrolls
 c - a scroll of enchant weapon
 e - a scroll of identify
 g - a scroll of fog {unknown}
Potions
 b - a potion of flight
 f - a potion of lignification
 h - a potion of attraction


   Skills:
 - Level 1.4 Fighting
 - Level 2.0 Dodging
 * Level 4.9 Unarmed Combat
 - Level 2.2 Spellcasting
 * Level 4.0 Transmutations
 * Level 1.0 Ice Magic
 - Level 2.0 Poison Magic


You had one spell level left.
You knew the following spells:

 Your Spells              Type           Power      Damage    Failure   Level
a - Beastly Appendage     Tmut           22%        N/A       14%         1
b - Spider Form           Tmut/Pois      8%         N/A       43%         3
c - Ice Form              Ice/Tmut       7%         N/A       85%         4

Your spell library contained the following spells:

 Spells                   Type           Power      Damage    Failure   Level
 Wereblood                Tmut           11%        N/A       21%         2
 Ozocubu's Armour         Ice            3%         N/A       67%         3
 Metabolic Englaciation   Hex/Ice        1%         N/A       100%        5
 Simulacrum               Ice/Necr       1%         N/A       100%        6


Dungeon Overview and Level Annotations

Branches:
Dungeon (4/15)
 Temple: D:4-7

Altars:
Elyvilon
Gozag
Qazlal
Trog
Uskayaw
Wu Jian

Shops:
D:3 *


Innate Abilities, Weirdness & Mutations

You are a venomous arachnid creature.
You have poisonous fangs.
You are tiny and dextrous.
Your spellcasting is less reliable in this form.
Your armour is entirely melded.
You are incapable of wielding weapons or throwing items.
((Your plain brown scales are hard. (AC +6)))
You cannot fit into any form of body armour.
((You are cold-blooded and may be slowed by cold attacks.))


Message History

The orc priest is lightly wounded.
The orc priest completely misses you.
The orc priest mumbles some strange prayers to Beogh against you.
Beogh smites you!
You are too injured to fight recklessly!
You hit the orc priest.
The orc priest looks as sick as possible!
The orc priest is heavily wounded.
The orc priest mumbles some strange prayers to Beogh against you.
Beogh smites you!
* * * LOW HITPOINT WARNING * * *
You bite the orc priest!
You kill the orc priest!
The orc priest mumbles some strange prayers to Beogh against you.
Pain shoots through your body!
* * * LOW HITPOINT WARNING * * *
Your Transmutations skill increases to level 4!
Your Ice Magic skill increases to level 1!
You are too injured to fight recklessly!
You are too injured to fight recklessly!
You closely miss something.
You are too injured to fight recklessly!
You are too injured to fight recklessly!
It was a potion of degeneration.
There was something very wrong with that liquid.
You feel weakened.
You feel dopey.
You feel clumsy. Something hits you.
* * * LOW HITPOINT WARNING * * *
You closely miss something. Something hits you.
* * * LOW HITPOINT WARNING * * *
You barely miss something.
Your transformation is almost over.
You hear some strange, mumbled words.
A puff of flame appears from out of thin air!
The puff of flame misses you.
You miss something. Something hits you.
* * * LOW HITPOINT WARNING * * *
You miss something. Something completely misses you.
You miss something. Something hits you.
You die...

#.# # #.# #. ...
.#.##.# ....#.##
....o. ...#{# #....
#.##s# #.#.#.##.##.#
.#.#.#.##.##.#
............#
#.>##.##.##.### #
#..##.##......# ##
#..##.##......#
.#####..##.##......#
#....)...#.###.....#


You could see an orc priest.

Vanquished Creatures
  A necrophage (D:4)
  An orc priest (D:4)
  A hound (D:4)
  An iguana (D:4)
  2 adders (D:3)
  An adder skeleton (D:4)
  5 worms
  2 dart slugs (D:1)
  4 orcs
  8 endoplasms
  6 giant cockroaches
  12 goblins
  10 hobgoblins
  8 kobolds
  4 quokkas
  6 ball pythons
  7 bats
  4 frilled lizards
  4 rats
87 creatures vanquished.

Vanquished Creatures (others)
  A quokka (D:3)
  A kobold (D:3)
2 creatures vanquished.

Grand Total: 89 creatures vanquished

Notes
Turn   | Place    | Note
-------+----------+-------------------------------------------
     0 | D:1      | kae the Draconian Transmuter began the quest for the Orb.
     0 | D:1      | Reached XP level 1. HP: 16/16 MP: 3/3
   346 | D:1      | Reached XP level 2. HP: 21/23 MP: 3/5
   756 | D:1      | Reached XP level 3. HP: 28/28 MP: 6/6
   760 | D:1      | Learned a level 3 spell: Spider Form
  2377 | D:2      | Reached skill level 1 in Poison Magic
  2392 | D:2      | Identified a scroll of acquirement
  2392 | D:2      | Acquired 652 gold pieces
  2709 | D:2      | Reached XP level 4. HP: 35/35 MP: 5/7
  3128 | D:3      | Found Gozag's Platinum Reserve.
  3148 | D:3      | Found an opulent altar of Gozag.
  3343 | D:3      | Found a white marble altar of Elyvilon.
  3645 | D:3      | Found a faded altar of an unknown god.
  3681 | D:3      | Found an ornate altar of the Wu Jian Council.
  3828 | D:4      | Found a stormy altar of Qazlal.
  3845 | D:4      | Found a hide-covered altar of Uskayaw.
  3888 | D:4      | Found a bloodstained altar of Trog.
  3891 | D:4      | Noticed a necrophage
  3911 | D:4      | Killed a necrophage
  3912 | D:4      | Reached XP level 5. HP: 20/40 MP: 4/8
  4286 | D:4      | Learned a level 4 spell: Ice Form
  4428 | D:4      | Reached XP level 6. HP: 47/47 MP: 7/9
  4490 | D:4      | Reached skill level 1 in Ice Magic
  4494 | D:4      | HP: 2/47 [something (4)]
  4496 | D:4      | Slain by an orc wizard

Illustrated notes

Levels and vault maps discovered:
D:1:      scummos_arrival_simple_crosswalls, layout_basic
D:2:      layout_loops_corners, serial_aquarium, aquarium_bridge_square
          [aquarium_subvault_wall, aquarium_subvault_bridge,
          aquarium_subvault_window, aquarium_subvault_bridge],
          aquarium_bridge_straight [aquarium_subvault_bridge,
          aquarium_subvault_balcony, aquarium_subvault_bridge,
          aquarium_subvault_wall], aquarium_window_2, aquarium_window_3,
          aquarium_view_2d, aquarium_balcony_3b, aquarium_pool_corner,
          minivault_19, nicolae_wormholes
D:3:      layout_loops_ring, nzn_wu_jian_council_hall,
          nicolae_gozag_zags_fifth_avenue, elyvilon_altar_4,
          dreamdust_ecumenical_altar_sealed_demon, minmay_bisected
D:4:      layout_loops_ring, nicolae_qazlal_general_emergency,
          kennysheep_slug_shrine, lightli_temple_of_fire,
          mainiacjoe_overflow_tiny_flanked

Skill      XL: |  1  2  3  4  5  6 |
---------------+-------------------+-----
Dodging        | 2 |  2.0
Poison Magic   | 1 2 |  2.0
Transmutations | 3 4 |  4.0
Unarmed Combat | 4 |  4.9
Ice Magic      | 1 |  1.0
Fighting       | |  1.4
Spellcasting   | |  2.2

Action                   |  1- 3 |  4- 6 || total
-------------------------+-------+-------++-------
Melee: Unarmed           |   165 |   149 ||   314
       Kick              |    15 |    17 ||    32
       Headbutt          |     5 |    16 ||    21
       Tailslap          |     9 |     8 ||    17
       Punch             |     2 |     3 ||     5
 Cast: Beastly Appendage |    27 |    26 ||    53
       Spider Form       |       |     1 ||     1
  Use: Scroll            |     5 |     4 ||     9
       Potion            |     1 |     1 ||     2
Armor: Skin              |    74 |    46 ||   120
Dodge: Dodged            |   102 |    97 ||   199

Table legend: (Time is in decaauts)
 A = Elapsed time spent in this place.
 B = Non-inter-level travel time spent in this place.
 C = Inter-level travel time spent in this place.
 D = Time resting spent in this place.
 E = Time spent auto-exploring this place.
 F = Levels seen in this place.
 G = Mean time per level.
                   A        B        C        D        E       F      G
               +--------+--------+--------+--------+--------+-----+--------+
         Total |   4479 |   4362 |    117 |     85 |   3541 |   4 | 1119.8 |
       Dungeon |   4479 |   4362 |    117 |     85 |   3541 |   4 | 1119.8 |
               +--------+--------+--------+--------+--------+-----+--------+

Top non-repeatable levels by time:
     D:2: 1490 daAuts
     D:1: 1392 daAuts
     D:3: 918 daAuts
     D:4: 678 daAuts
